 Dungeon Crawl Stone Soup version 0.31-a0-1178-gc5c9b8f871 (webtiles) character file.

Game seed: 10789676153963778488

532 qw the Shooter (level 7, 0/43 HPs)
             Began as a Gargoyle Hunter on Dec 11, 2023.
             Shot with an arrow by a centaur (8 damage)
             ... on level 5 of the Dungeon.
             The game lasted 00:01:16 (3892 turns).

qw the Shooter (Gargoyle Hunter)                    Turns: 3892, Time: 00:01:17

Health: 0/43       AC: 16    Str: 15    XL:     7   Next: 24%
Magic:  7/7        EV: 11    Int:  9    God:
Gold:   241        SH:  0    Dex: 21    Spells: 6/6 levels left

rFire   . . .        a - +0 shortbow
rCold   . . .        (shield currently unavailable)
rNeg    + . .        f - +0 ring mail
rPois   inf          (no helmet)
rElec   +            (no cloak)
rCorr   .            g - +2 pair of gloves
SInv    +            j - +2 pair of boots
Will    .....        (no amulet)
Stlth   +            h - ring of see invisible
HPRegen 0.27/turn    c - +6 ring of dexterity
MPRegen 0.10/turn

%: no passive effects
@: no status effects
A: sickness immunity, AC +4, negative energy resistance 1, electricity
resistance, torment resistance 1, petrification resistance
a: no special abilities


You were on level 5 of the Dungeon.
You visited 1 branch of the dungeon, and saw 5 of its levels.

You collected 241 gold pieces.


Innate Abilities, Weirdness & Mutations

You are immune to sickness and miasma.
Your stone body is resilient. (AC +4)
You are immune to poison.
You resist negative energy. (rN+)
You are resistant to electric shocks. (rElec)
You are resistant to unholy torment.
You are immune to petrification.


   Skills:
 - Level 4.1 Fighting
 + Level 7.0 Ranged Weapons
 - Level 2.8 Armour
 - Level 2.1 Dodging
 - Level 1.1 Stealth


You had 6 spell levels left.
You didn't know any spells.
Your spell library was empty.

Inventory:

Hand Weapons
 a - a +0 shortbow (weapon)
Armour
 f - a +0 ring mail (worn)
 g - a +2 pair of gloves (worn)
 j - a +2 pair of boots (worn)
Jewellery
 c - a +6 ring of dexterity (right hand)
 h - a ring of see invisible (left hand)
 Y - a +6 ring of strength
Wands
 n - a wand of roots (5)
Scrolls
 b - a scroll of revelation {unknown}
 l - 2 scrolls of enchant armour
Potions
 d - 2 potions of resistance
 k - a potion of enlightenment
 m - 3 potions of curing

Dungeon Overview and Level Annotations

Branches:
Dungeon (5/15)
 Temple: D:4-7

Altars:

Shops:
D:4 (


Message History

The ufetubus is severely wounded.
The ufetubus misses you. The ufetubus barely misses you.
The ogre closely misses you.
The ufetubus hits you but does no damage.
The ufetubus barely misses you.
You shoot an arrow. The arrow closely misses the ufetubus.
The ufetubus hits you but does no damage.
The ufetubus hits you.
The ogre hits you with a +0 giant spiked club!!
The ufetubus hits you but does no damage. x2
You shoot an arrow. The arrow hits the ufetubus.
You kill the ufetubus!
The ogre hits you with a +0 giant spiked club!
3867 ||| DRINKING 2 potions of heal wounds.
You feel much better.
You shoot an arrow. The arrow hits the ogre.
The ogre is lightly wounded.
The ogre hits you with a +0 giant spiked club!!
Ouch! That really hurt!
3869 ||| DRINKING potion of heal wounds.
You feel much better.
The ogre hits you with a +0 giant spiked club!!
You shoot an arrow. The arrow hits the ogre.
The ogre is moderately wounded.
The ogre barely misses you.
You shoot an arrow. The arrow hits the ogre.
The ogre is heavily wounded.
You shoot an arrow. The arrow hits the ogre.
The ogre is heavily wounded.
The ogre hits you with a +0 giant spiked club!
You shoot an arrow. The arrow hits the ogre!
You kill the ogre!
Your Armour skill increases to level 2!
You start resting.
A centaur comes into view. It is wielding a +0 rapier.
You shoot an arrow.
The arrow hits the centaur but does no damage.
The centaur unwields a +0 rapier.
The centaur wields a +0 orcbow.
The centaur shoots an arrow.
The arrow hits you!
You die...

#.......# #...#
###.##.#.## ###...#####
#.%<#.########..........
....#...#......#...<......
........#.¤¤O~.#..........
...###..#.S¤~¤.'.#...#####
## .#.#.¤~¤..'.c.....#
###.#.~..~.#)#...#.#
#.#......#@#...#.#
#.########.#...... .# #.#
..#.# #.# .# # #.. .. ##.
. .#


You could see a centaur.

Vanquished Creatures
  A water moccasin (D:4)
  An ogre (D:5)
  A scorpion (D:5)
  A jelly (D:4)
  2 iguanas (D:4)
  2 orc wizards
  A gnoll (D:2)
  4 adders
  2 ufetubi (D:5)
  3 worms
  4 dart slugs
  8 orcs
  8 ball pythons
  7 endoplasms
  2 giant cockroaches
  8 goblins
  4 hobgoblins
  3 jackals (D:1)
  2 quokkas
  2 bats
  A frilled lizard (D:2)
  7 kobolds
  5 rats
79 creatures vanquished.

Notes
Turn   | Place    | Note
-------+----------+-------------------------------------------
     0 | D:1      | qw the Gargoyle Hunter began the quest for the Orb.
     0 | D:1      | Reached XP level 1. HP: 12/12 MP: 1/1
     0 | D:1      | 0 ||| qw: Version: 0.3-a-106-g2cfff9e
     0 | D:1      | 0 ||| qw: Game counter: 2028
     0 | D:1      | 0 ||| qw: Melee chars always use a shield: true
     0 | D:1      | 0 ||| qw: God list: Okawaru
     0 | D:1      | 0 ||| qw: Allow faded altars: false
     0 | D:1      | 0 ||| qw: Do Orc after clearing Dungeon:15 true
     0 | D:1      | 0 ||| qw: Do second Lair branch before Depths: true
     0 | D:1      | 0 ||| qw: Lair rune preference: random
     0 | D:1      | 0 ||| qw: Goals: Normal, Save, Zot:1-4, Win
     0 | D:1      | 0 ||| PLANNING D:1-11
   144 | D:1      | Reached XP level 2. HP: 14/17 MP: 2/2
   525 | D:1      | You fall into a shaft and drop 1 floor!
   639 | D:2      | Reached XP level 3. HP: 21/21 MP: 3/3
   712 | D:2      | Reached skill level 5 in Ranged Weapons
   754 | D:2      | 754 ||| UPGRADING to +2 pair of gloves.
   759 | D:2      | 759 ||| UPGRADING to +6 ring of strength.
   760 | D:2      | 760 ||| READING scroll labelled ASHRADIURAN.
   761 | D:2      | 761 ||| READING scroll labelled ITRERGH QOYMU.
   762 | D:2      | 762 ||| READING 2 scrolls labelled TYUGUEGIFU.
   762 | D:2      | 762 ||| IDENTIFYING fuming brown potion
   763 | D:2      | 763 ||| READING scroll of identify.
   763 | D:2      | 763 ||| IDENTIFYING bubbling sapphire potion
   764 | D:2      | 764 ||| READING scroll labelled HETUXKEPARR.
   781 | D:2      | 781 ||| DROPPING scroll of butterflies.
   782 | D:2      | 782 ||| DROPPING potion of attraction.
   915 | D:1      | 915 ||| READING scroll labelled OSIH LOIDUY.
  1068 | D:2      | Identified the +3 dagger of the Poles {heavy, rF++}
  1290 | D:2      | Reached skill level 3 in Fighting
  1802 | D:2      | 1802 ||| UPGRADING to +0 ring mail.
  1812 | D:2      | 1812 ||| DROPPING +0 leather armour.
  1813 | D:2      | 1813 ||| UPGRADING to +0 pair of boots.
  1818 | D:2      | 1818 ||| READING scroll of identify.
  1818 | D:2      | 1818 ||| IDENTIFYING fuming white potion
  1819 | D:2      | 1819 ||| READING scroll labelled SIENKI ZASAVAOCW.
  1819 | D:2      | 1819 ||| ENCHANTING +0 pair of boots.
  1820 | D:2      | 1820 ||| DRINKING 2 golden potions.
  1821 | D:2      | 1821 ||| DROPPING potion of brilliance.
  1906 | D:3      | Reached XP level 4. HP: 28/28 MP: 4/4
  1967 | D:3      | Reached skill level 1 in Armour
  2013 | D:3      | 2013 ||| Stepping ~*~*~tactically~*~*~ (retreating).
  2086 | D:3      | 2086 ||| READING 3 scrolls of enchant armour.
  2086 | D:3      | 2086 ||| ENCHANTING +1 pair of boots.
  2173 | D:3      | Found a faded altar of an unknown god.
  2548 | D:3      | 2548 ||| UPGRADING to +6 ring of dexterity.
  2549 | D:3      | 2549 ||| UPGRADING to ring of see invisible.
  2551 | D:3      | 2551 ||| READING 2 scrolls labelled GEODIA UHOSCH.
  2552 | D:3      | 2552 ||| DRINKING 3 yellow potions.
  2553 | D:3      | 2553 ||| DROPPING scroll of noise.
  2588 | D:4      | 2588 ||| STAIRDANCE
  2665 | D:4      | Reached XP level 5. HP: 32/32 MP: 5/5
  2691 | D:4      | Noticed a water moccasin
  2706 | D:4      | Killed a water moccasin
  2707 | D:4      | Reached skill level 6 in Ranged Weapons
  2707 | D:4      | Reached XP level 6. HP: 30/37 MP: 6/6
  2863 | D:4      | Found Bufaar's Weapon Emporium.
  3556 | D:4      | 3556 ||| DROPPING ring of magical power.
  3557 | D:4      | 3557 ||| READING scroll of identify.
  3557 | D:4      | 3557 ||| IDENTIFYING viscous cyan potion
  3558 | D:4      | 3558 ||| READING scroll labelled TUNNOSTR NOER.
  3632 | D:5      | Entered Level 5 of the Dungeon
  3847 | D:5      | 3847 ||| RETREEAATING.
  3848 | D:5      | 3848 ||| Stepping ~*~*~tactically~*~*~ (retreating).
  3849 | D:5      | 3849 ||| Stepping ~*~*~tactically~*~*~ (retreating).
  3858 | D:5      | Reached skill level 7 in Ranged Weapons
  3858 | D:5      | Reached XP level 7. HP: 35/43 MP: 7/7
  3866 | D:5      | HP: 3/43 [ogre/+0 giant spiked club (11)]
  3867 | D:5      | 3867 ||| DRINKING 2 potions of heal wounds.
  3869 | D:5      | 3869 ||| DRINKING potion of heal wounds.
  3872 | D:5      | HP: 3/43 [ogre/+0 giant spiked club (15)]
  3892 | D:5      | Shot with an arrow by a centaur

Levels and vault maps discovered:
D:1:      minmay_arrival_five_plusses, layout_loops_cross
D:2:      kennysheep_six_static_rooms, layout_basic, nrook_loot_triangle,
          minivault_5, minmay_statues_item
D:3:      layout_basic, dreamdust_ecumenical_altar_angels_and_demons
D:4:      layout_loops_ring, grunt_ministairs_5, nicolae_inconvenience_store
D:5:      layout_loops_cross, minmay_temple_entry_arrows, hex_large,
          kennysheep_generic_room_15

Skill      XL: |  1  2  3  4  5  6  7 |
---------------+----------------------+-----
Ranged Weapons | 5 6 7 |  7.0
Fighting       | 3 4 |  4.1
Armour         | 1 2 |  2.8
Dodging        | 2 |  2.1
Stealth        | |  1.1

Action                     |  1- 3 |  4- 6 |  7- 9 || total
---------------------------+-------+-------+-------++-------
   Fire: Shortbow          |   111 |   152 |    15 ||   278
    Use: Scroll            |     8 |     4 |       ||    12
         Potion            |     1 |     1 |     2 ||     4
 Armour: Leather armour    |    19 |       |       ||    19
         Ring mail         |       |    56 |    24 ||    80
  Dodge: Dodged            |    24 |    30 |    15 ||    69

Table legend:
 A = Non-vault XP
 B = Vault XP
 C = Vault XP percentage of total XP
 D = Non-vault monster count
 E = Vault monster count
 F = Vault count percentage of total count
                 A         B        C        D         E       F
            +---------+---------+-------+---------+---------+-------
      Total |     601 |     159 |  20.9 |      69 |      10 |  12.7
            +---------+---------+-------+---------+---------+-------
        D:1 |      30 |       0 |   0.0 |      16 |       0 |   0.0
        D:2 |      20 |      27 |  57.4 |      12 |       6 |  33.3
        D:3 |      73 |       0 |   0.0 |      16 |       0 |   0.0
        D:4 |     279 |      36 |  11.4 |      16 |       2 |  11.1
        D:5 |     199 |      96 |  32.5 |       9 |       2 |  18.2
            +---------+---------+-------+---------+---------+-------
